Introsp3ctive, lawful female human Priestess ----------- #..........| ###|.<.......| # |.........| ------------- ### |.........| |`.........`.# # ----.------ |.....`.....|### ### #### |...-S---...|##* # # |...|.@S|...| ############ ## --------- |..`|S@S|`..| ####-------# ---%--- |.......| |...|.{.|.... #......|# |..(..| |.>.....| #....-----...| #|.....-# |.....| |.......-##########|.....`.....| #......|############-.....| |....%).| |`.........`| |.....| |.....| |.......| ------------- |.....| |.....| --------- ------- ------- Introsp3ctive the Acolyte Experience level: 5 Strength: 15 Dexterity: 9 Constitution: 15 Intelligence: 19 Wisdom: 11 Charisma: 11 Health: 0(32) Energy: 37(56) Def: 6 Gold: 184 Moves: 3313 Dungeon seed: XkI0FtxRIl5WiDB- Game ID: Introsp3ctive_1469133194 Your Inventory: Coins $ - 184 gold pieces Amulets x - an amulet of ESP Weapons a - a blessed rusty +1 mace (weapon in hand) p - a thoroughly rusty +0 long sword Armor e - a +0 robe (being worn) n - a +0 small shield (being worn) q - a rusty +0 orcish helm (being worn) Comestibles c - a clove of garlic d - 2 sprigs of wolfsbane o - 2 food rations r - a sprig of wolfsbane C - a tripe ration J - a pancake Scrolls s - 2 scrolls of identify w - a scroll of scare monster E - a scroll of fire Spellbooks g - a spellbook of remove curse h - a spellbook of clairvoyance i - a spellbook of protection Potions b - 4 potions of holy water Rings l - a ring of conflict u - a blessed +1 ring of gain constitution (on left hand) v - a cursed ring of sustain ability G - a cursed ring of aggravate monster Wands f - a wand of cancellation (0:1) Tools j - a horn of plenty (0:11) F - a tin whistle Spells and supernatural/magical abilities: Name Level Category Fail Memory p - protection 1 clerical 0% 84% r - remove curse 3 clerical 0% 84% v - clairvoyance 3 divination 74% 84% W - pray for help -- divine ? -- X - turn undead -- divine ? -- Your skills at the end: Miscellaneous Skills shield [Basic] wands [Basic] Weapon Skills mace [Basic] Spellcasting Skills clerical spells [Basic] Final Attributes: You were stridently aligned. You were protected. You are dead. Vanquished creatures: a gnome king a baby crocodile a fog cloud a shrieker a gnome lord a gnomish wizard a black naga hatchling an elf zombie an iguana a rothe a centipede 6 orc zombies 3 dwarf zombies a coyote a hobbit an acid blob a large kobold 3 geckos a hobgoblin 8 giant rats a red mold 11 gnomes 2 garter snakes a gnome zombie 3 jackals 2 foxes 3 kobolds 3 newts 2 goblins 3 sewer rats 3 grid bugs 2 lichens 72 creatures vanquished. Voluntary challenges: You had been an atheist until turn 2009. You used a wielded weapon 94 times, starting on turn 179. You did not apply a unicorn horn. You read items or engraved 2 times, starting on turn 832. You never genocided any monsters. You never polymorphed an object. You never changed form. You used no wishes. You never split a pudding. You never wrote Elbereth's name. You violated your moral code, losing 3 points of alignment, starting on turn 885. Dungeon overview: The Dungeons of Doom: levels 1 to 5 Level 1 a fountain a long staircase Level 2 a general store Level 3 a fountain stairs to The Gnomish Mines Level 4 a fountain Level 5 <- You were here many fountains The Gnomish Mines: levels 4 to 5 Level 4 stairs to The Dungeons of Doom Level 5 History has recorded: On T:1 you entered the Dungeons of Doom to retrieve the Amulet of Yendor! On T:381 you reached level 2 of The Dungeons of Doom. On T:422 you reached level 3 of The Dungeons of Doom. On T:1095 you reached level 4 of The Dungeons of Doom. On T:1096 you advanced to experience level 2. On T:1398 you reached level 5 of The Dungeons of Doom. On T:1431 you advanced to experience level 3. On T:1583 you advanced to experience level 4. On T:1781 you reached level 1 of The Gnomish Mines. On T:2640 you advanced to experience level 5. On T:2803 you reached level 2 of The Gnomish Mines. Score breakdown: Gold: 184 ( 18 points) Experience: 5 levels ( 400 points) Exploration: 5 levels ( 120 points) Discoveries: 8 items ( 400 points) Variety of kills: 32 monsters ( 1600 points) Major goal: (nothing yet) ( 0 points) Survival: died (score multiplied by 3) Total score: 7614 Latest messages: The iguana bites! You hit the iguana! You kill the iguana! You see here a statue of a mountain centaur. You see here a statue of a plains centaur. Your long sword rusts! Your long sword rusts further! You feel a sudden chill. Your long sword rusts completely! An endless stream of snakes pours forth! The water moccasin bites! (4x) You hear some noises. The air around you begins to shimmer with a golden haze. The water moccasin bites! (4x) You die... Final status: Goodbye Introsp3ctive the Priestess, killed by a water moccasin... You died in The Dungeons of Doom on dungeon level 5 with 7614 points, and 184 pieces of gold, after 3313 moves. You were level 5 with a maximum of 32 hit points when you died.